 Dungeon Crawl Stone Soup version 0.24-a0-365-ga4d96b6e6e (webtiles) character file.

Game seed: 5733064992750818334

47 emperorscorpion the Chucker (level 3, 0/29 HPs)
             Began as a Centaur Hunter on May 27, 2019.
             Slain by an adder (1 damage)
             ... on level 1 of the Dungeon.
             The game lasted 00:04:25 (1772 turns).

emperorscorpion the Chucker (Centaur Hunter)        Turns: 1772, Time: 00:04:26

Health: 0/29       AC: 10    Str: 15    XL:     3   Next: 48%
Magic:  3/3        EV:  2    Int: 10    God:
Gold:   77         SH:  0    Dex:  9    Spells: 2/2 levels left

rFire    . . .     SeeInvis .   a - +0 short sword
rCold    + . .     Gourm    .   (no shield)
rNeg     . . .     Faith    .   k - +2 plate armour {rC+}
rPois    .         Spirit   .   (no helmet)
rElec    .         Reflect  .   (no cloak)
rCorr    .         Harm     .   (no gloves)
MR       .....                  (no barding)
Stlth    ..........             m - amulet of inaccuracy
HPRegen  0.09/turn              (no ring)
MPRegen  0.08/turn              (no ring)

@: lethally poisoned (0 -> -3), very quick
A: large, hooves 3, deformed body, speed 2, tough skin 3
a: no special abilities


You were on level 1 of the Dungeon.
You were hungry.

You visited 1 branch of the dungeon, and saw 2 of its levels.

You collected 77 gold pieces.

Inventory:

Hand Weapons
 a - a +0 short sword (weapon)
Missiles
 d - a throwing net (quivered)
 e - 16 stones
Armour
 b - a +0 leather armour
 k - a +2 plate armour of cold resistance (worn)
Jewellery
 m - an amulet of inaccuracy (around neck)
Scrolls
 i - a scroll of immolation {unknown}
Potions
 l - a potion of might {unknown}
Comestibles
 f - 2 rations


   Skills:
 + Level 2.1 Fighting
 + Level 0.6 Short Blades
 + Level 5.3 Throwing
 + Level 0.6 Armour
 + Level 1.4 Dodging
 + Level 0.4 Stealth


You had 2 spell levels left.
You didn't know any spells.
Your spell library was empty.

Dungeon Overview and Level Annotations

Branches:
Dungeon (2/15)

Altars:


Innate Abilities, Weirdness & Mutations

You have hooves in place of feet.
Armour fits poorly on your strangely shaped body.
You cover ground very quickly.
You have extremely tough skin. (AC +3)


Message History

Throwing (i - inventory. (/) - cycle)
c - 2 javelins (quivered)
Press: ? - help, Shift-Dir - straight line, f/p - adder
Aim: an adder (almost dead)
You throw a javelin. The javelin barely misses the adder.
* * * LOW HITPOINT WARNING * * *
You feel sick. The adder bites you but does no damage.
Throwing (i - inventory. (/) - cycle)
c - a javelin (quivered)
Press: ? - help, Shift-Dir - straight line, f/p - adder
Aim: an adder (almost dead)
You throw a javelin. The javelin barely misses the adder.
The adder bites you but does no damage. The adder bites you.
* * * LOW HITPOINT WARNING * * *
Throwing (i - inventory. (/) - cycle)
d - 2 throwing nets (quivered)
Press: ? - help, Shift-Dir - straight line, f/p - adder
Aim: an adder (almost dead)
You throw a throwing net.
The throwing net barely misses the adder.
* * * LOW HITPOINT WARNING * * *
You feel sick. The adder bites you.
You die...

#.###############
#...............#
#.#########.###.# #.# #..#..##
#.# ##P.P..## #####
###'#########P.♣♣♣..###...###
#............PPP♣♣P...'...+..
#.....♣♣.♣####.PP♣P.###...##.
##....♣♣P.♣..@...P............
#....♣PPP.♣♣#S.....♣P.#####.#.
#...♣♣.♣..P♣#.##..P♣♣..## #.#.
#..♣♣.P♣♣..♣#.##..P♣♣...# #.#.
#..♣♣P..♣P♣♣#.###..P♣♣..# #.#.
#..♣♣.P..P♣ #.# #.P.♣P.## #.#.
#..♣...P♣♣♣ #.# ##...P.# #[#.
#...♣.♣♣.# #(# #.....####.#.
#........# #.# #........#...


You could see an adder.

Vanquished Creatures
  An adder (D:2)
  2 dart slugs (D:1)
  3 leopard geckos (D:1)
  5 bats (D:1)
  4 goblins (D:1)
  6 hobgoblins
  3 jackals (D:1)
  2 frilled lizards (D:1)
  A kobold (D:1)
  4 rats (D:1)
31 creatures vanquished.

Notes
Turn   | Place    | Note
-------+----------+-------------------------------------------
     0 | D:1      | emperorscorpion the Centaur Hunter began the quest for the
                  | Orb.
     0 | D:1      | Reached XP level 1. HP: 17/17 MP: 1/1
   195 | D:1      | Reached XP level 2. HP: 21/24 MP: 2/2
   277 | D:1      | Reached skill level 5 in Throwing
   907 | D:1      | Reached XP level 3. HP: 24/29 MP: 3/3
  1772 | D:1      | HP: 1/29 [poisoned by an adder]
  1772 | D:1      | Slain by an adder

Levels and vault maps discovered:
D:1:      shiori_arrival_elements, layout_basic, serial_forest,
          infiniplex_forest_straight_3, infiniplex_forest_fountain,
          infiniplex_forest_lined_room_, infiniplex_forest_end_double,
          infiniplex_forest_clump_large, infiniplex_forest_zigzag_1,
          infiniplex_forest_clump_double, infiniplex_forest_straight_4
D:2:      layout_rooms, nicolae_ashenzari_panopticon, first_ration

Skill      XL: |  1  2 |
---------------+-------+-----
Throwing       | 5 |  5.3
Fighting       | |  2.1
Short Blades   | |  0.6
Armour         | |  0.6
Dodging        | |  1.4
Stealth        | |  0.4

Action                   || total
-------------------------++-------
Melee: Short sword       ||   168
       Kick              ||    19
Throw: Javelin           ||     6
       Throwing net      ||     1
  Use: Potion            ||     3
       Scroll            ||     1
  Eat: Chunk             ||     1
Armor: Leather armour    ||    17
       Plate armour      ||   138
Dodge: Dodged            ||    54

Table legend:
 A = Non-vault XP
 B = Vault XP
 C = Vault XP percentage of total XP
 D = Non-vault monster count
 E = Vault monster count
 F = Vault count percentage of total count
                 A         B        C        D         E       F
            +---------+---------+-------+---------+---------+-------
      Total |      68 |       0 |   0.0 |      31 |       0 |   0.0
            +---------+---------+-------+---------+---------+-------
        D:1 |      53 |       0 |   0.0 |      29 |       0 |   0.0
        D:2 |      15 |       0 |   0.0 |       2 |       0 |   0.0
            +---------+---------+-------+---------+---------+-------
